 Dungeon Crawl Stone Soup version 0.28.0 (webtiles) character file.

Game seed: 3244548810820531716

669 GraveyardiganJr the Magician (level 7, -4/49 HPs)
             Began as a Djinni Summoner on Feb 7, 2022.
             Slain by an orc priest (7 damage)
             ... on level 6 of the Dungeon.
             The game lasted 01:04:22 (5204 turns).

GraveyardiganJr the Magician (Djinni Summoner)      Turns: 5204, Time: 01:04:23

Health: -4/49      AC:  2    Str:  9    XL:     7   Next: 89%
Gold:   222        EV: 13    Int: 17    God:
                   SH:  0    Dex: 13

rFire   + + .      SeeInvis .   a - +0 spear
rCold   x . .      Faith    .   (no shield)
rNeg    . . .      Spirit   .   j - +0 robe
rPois   ∞          Reflect  .   (no helmet)
rElec   .          Harm     .   (no cloak)
rCorr   .          Rampage  .   (no gloves)
Will    .....                   (boots unavailable)
Stlth   ++........              (no amulet)
HPRegen 0.16/turn               (no ring)
MPRegen 0.00/turn               (no ring)

@: flying, very slightly contaminated
A: sickness immunity, fire resistance 2, cold vulnerability 1, float, innate
caster, HP casting, extra vitality 1
a: no special abilities


You were on level 6 of the Dungeon.
You visited 1 branch of the dungeon, and saw 6 of its levels.

You collected 222 gold pieces.

Inventory:

Hand Weapons
 a - a +0 spear (weapon)
 b - a +0 dagger
 f - a +0 short sword
 u - a +0 trident
Missiles
 g - 48 arrows
 n - 80 stones
 s - 5 poisoned darts
Armour
 j - a +0 robe (worn)
Wands
 q - a wand of acid (8)
Scrolls
 h - a scroll of immolation {unknown}
 m - a scroll of fear {unknown}
 o - a scroll of magic mapping {unknown}
 r - a scroll of teleportation {unknown}
 t - a scroll of enchant weapon {unknown}
Potions
 c - a potion of haste {unknown}
 e - 2 potions of lignification
 i - a potion of attraction {unknown}
 k - a potion of might {unknown}
 l - 2 potions of curing
 p - 2 potions of heal wounds
 v - a potion of mutation {unknown}


   Skills:
 * Level 2.5 Fighting
 + Level 1.1 Polearms
 * Level 3.9 Dodging
 + Level 2.5 Stealth
 * Level 5.8 Spellcasting


You couldn't memorise any spells.
You knew the following spells:

 Your Spells              Type           Power      Damage    Failure   Level
a - Summon Small Mammal   Summ           96%        N/A       1%          1
b - Call Imp              Summ           24%        N/A       1%          2
c - Call Canine Familiar  Summ           24%        N/A       3%          3
d - Summon Guardian Gole  Hex/Summ       24%        N/A       3%          3
e - Summon Lightning Spi  Summ/Air       24%        N/A       12%         4
f - Dazzling Flash        Conj/Hex       48%        N/A       3%          3
s - Sandblast             Erth           48%        2d12      1%          1
v - Poisonous Vapours     Pois/Air       48%        N/A       1%          2
Your spell library was empty.

Dungeon Overview and Level Annotations

Branches:
Dungeon (6/15)
 Temple: D:4-7

Altars:
Fedhas
Hepliaklqana
Qazlal
Uskayaw

Shops:
D:4 (

Annotations:
D:2 Sigmund


Innate Abilities, Weirdness & Mutations

You are immune to sickness and miasma.
You are immune to poison.
Your flesh is very heat resistant. (rF++)
You are vulnerable to cold. (rC-)
You float through the air rather than walking.
You learn spells naturally, not from books.
Your magical power is your life essence.
You have superior vitality. (+4 MHP)


Message History

Aiming: Poisonous Vapours (safe; 1% risk of failure)
Press: ? - help, Dir - move target, f - orc priest
Aim: an orc priest, wielding a +0 hand axe and wearing a +0 scale mail Poisonous vapours surround the orc priest!
The orc priest is poisoned.
Aiming: Sandblast (safe; 1% risk of failure)
Press: ? - help, Q - select action, (/) - cycle Shift-Dir - straight line, f/p - orc priest
Aim: an orc priest, wielding a +0 hand axe and wearing a +0 scale mail (moderately wounded, very poisoned, 83% to hit)
You miscast Sandblast.
You are very lightly contaminated with residual magic.
Nothing appears to happen.
An orc wizard comes into view. It is wielding a +0 dagger.
You reach to attack!
You hit the orc priest but do no damage.
The orc priest is heavily wounded.
The orc priest calls down the wrath of Beogh upon you.
Beogh smites you!
You hear a shout!
Aiming: Sandblast (safe; 1% risk of failure)
Press: ? - help, Q - select action, (/) - cycle Shift-Dir - straight line, f/p - orc priest
Aim: an orc priest, wielding a +0 hand axe and wearing a +0 scale mail (heavily wounded, poisoned, 83% to hit)
The blast of sand hits the orc priest but does no damage.
The orc priest is heavily wounded.
You hear a shout!
The orc priest calls down the wrath of Beogh upon you.
Beogh smites you!
* * * LOW HITPOINT WARNING * * *
Aiming: Sandblast (safe; 1% risk of failure)
Press: ? - help, Q - select action, (/) - cycle Shift-Dir - straight line, f/p - orc priest
Aim: an orc priest, wielding a +0 hand axe and wearing a +0 scale mail (heavily wounded, poisoned, 83% to hit)
The blast of sand hits the orc priest.
The orc priest is heavily wounded.
* * * LOW HITPOINT WARNING * * *
The orc wizard gestures wildly while chanting.
The orc wizard flickers and vanishes!
Deactivating autopickup; reactivate with Ctrl-A.
You barely miss the orc priest.
The orc priest is heavily wounded.
The orc priest hits you with a +0 hand axe!
You die...

#.. #.# #.#.# #.. #.#
#...# #... #.#####.#.# .
#...#####.......#.#####.
#......)................
##....##.................
............##...........
.........................
.......o@................
##...o......##.#.....<...
#...###.......#.......##
#... ####.##.####.####
#.. .##.. #.# .... ...
..# #o# # .... #. .#..
#.# #.


You could see an orc priest (poisoned) and an orc.

Vanquished Creatures
  An ogre (D:5)
  2 scorpions
  A howler monkey (D:5)
  3 hounds (D:5)
  An adder (D:5)
  A worm (D:5)
  A dart slug (D:3)
  5 orcs
  An endoplasm (D:3)
  A goblin (D:1)
  A hobgoblin (D:1)
  A kobold (D:4)
  3 quokkas
  2 ball pythons
  A frilled lizard (D:3)
25 creatures vanquished.

Vanquished Creatures (collateral kills)
  An ogre (D:4)
  A howler monkey (D:4)
  A bullfrog zombie (D:5)
  A centaur skeleton (D:5)
  A gnoll shaman (D:5)
  An orc wizard (D:5)
  An adder (D:3)
  A white imp (D:5)
  A worm (D:3)
  A dart slug (D:1)
  5 orcs
  2 bats
  2 endoplasms
  3 goblins
  4 hobgoblins
  2 quokkas
  5 ball pythons
  4 frilled lizards
  3 kobolds
  2 rats (D:1)
42 creatures vanquished.

Grand Total: 67 creatures vanquished

Notes
Turn   | Place    | Note
-------+----------+-------------------------------------------
     0 | D:1      | GraveyardiganJr the Djinni Summoner began the quest for the
                  | Orb.
     0 | D:1      | Reached XP level 1. HP: 15/15 MP: 0/0
   280 | D:1      | Reached XP level 2. HP: 12/22 MP: 0/0
   768 | D:1      | Reached skill level 1 in Fighting
   947 | D:1      | Reached XP level 3. HP: 26/27 MP: 0/0
   947 | D:1      | Learned a level 1 spell: Sandblast
  1498 | D:2      | Found a blossoming altar of Fedhas.
  1927 | D:2      | Noticed Sigmund
  2374 | D:3      | Found a hazy altar of Hepliaklqana.
  2417 | D:3      | Found a stormy altar of Qazlal.
  2558 | D:3      | Found a faded altar of an unknown god.
  2629 | D:3      | Reached XP level 4. HP: 22/32 MP: 0/0
  3069 | D:4      | Found a hide-covered altar of Uskayaw.
  3080 | D:4      | Reached skill level 4 in Spellcasting
  3080 | D:4      | Reached XP level 5. HP: 35/37 MP: 0/0
  3080 | D:4      | Learned a level 2 spell: Poisonous Vapours
  3426 | D:4      | Noticed an ogre
  3440 | D:4      | Killed an ogre
  3441 | D:4      | Reached XP level 6. HP: 38/43 MP: 0/0
  3487 | D:4      | Found Ajelis's Weapon Shop.
  3783 | D:5      | Entered Level 5 of the Dungeon
  4068 | D:5      | Reached skill level 5 in Spellcasting
  4236 | D:5      | Reached skill level 1 in Polearms
  4236 | D:5      | Reached XP level 7. HP: 13/49 MP: 0/0
  4236 | D:5      | Learned a level 3 spell: Dazzling Flash
  5204 | D:6      | Slain by an orc priest

Illustrated notes

Levels and vault maps discovered:
D:1:      evilmike_arrival_fibonacci_small, layout_basic
D:2:      layout_basic, basic_altar, uniq_sigmund
D:3:      layout_basic, nicolae_qazlal_general_emergency,
          mainiacjoe_overflow_alcove_4, ebering_ecumenical_altar_mist,
          chequers_jeans
D:4:      layout_loops_corners, mainiacjoe_overflow_catwalk, serial_shops,
          nicolae_shop_bloodbath_and_beyond, serial_bayou_pond_d,
          grunt_decor_resistance
D:5:      layout_rooms, grunt_tough_drop
D:6:      lemuel_castle_with_subvaults [lemuel_castle_interior_carwin_1],
          layout_loops_cross, gup_sewer_entry_glass

Skill      XL: |  1  2  3  4  5  6 |
---------------+-------------------+-----
Fighting       | 1 2 |  2.5
Dodging        | 3 |  3.9
Stealth        | 2 |  2.5
Spellcasting   | 4 5 |  5.8
Polearms       | 1 |  1.1

Action                   |  1- 3 |  4- 6 |  7- 9 || total
-------------------------+-------+-------+-------++-------
Melee: Club              |     6 |       |       ||     6
       Short sword       |     6 |       |       ||     6
       Spear             |    52 |    24 |    11 ||    87
       Dagger            |     4 |     5 |     1 ||    10
       Punch             |       |     1 |       ||     1
Throw: Stone             |     1 |       |       ||     1
 Cast: Summon Small Mamm |    41 |     8 |     3 ||    52
       Call Imp          |    10 |     9 |     4 ||    23
       Sandblast         |       |    11 |    12 ||    23
       Poisonous Vapours |       |     4 |     7 ||    11
       Call Canine Famil |       |     1 |     6 ||     7
       Summon Guardian G |       |       |     1 ||     1
  Use: Scroll            |       |     4 |     3 ||     7
 Stab: Sleeping          |     3 |     2 |       ||     5
       Distracted        |     1 |     1 |     1 ||     3
Armor: Robe              |    14 |     5 |       ||    19
Dodge: Dodged            |    41 |    30 |     4 ||    75
